 Dungeon Crawl Stone Soup version 0.25-a0-860-gf695395b5c (webtiles) character file.

Game seed: 3059019553763856305, levelgen mode: deterministic

710 DildoBatman the Conjurer (level 8, -4/52 HPs)
             Began as a Formicid Wizard on Apr 27, 2020.
             Slain by an ogre
             ... wielding a +0 giant club
              (30 damage)
             ... on level 5 of the Dungeon.
             The game lasted 00:16:29 (4357 turns).

DildoBatman the Conjurer (Formicid Wizard)          Turns: 4357, Time: 00:16:30

Health: -4/52      AC:  2    Str: 13    XL:     8   Next: 0%
Magic:  9/12       EV: 12    Int: 19    God:
Gold:   221        SH:  0    Dex:  9    Spells: 6/13 levels left

rFire    . . .     SeeInvis +   a - +0 halberd
rCold    . . .     Gourm    .   (no shield)
rNeg     . . .     Faith    .   w - +0 robe
rPois    .         Spirit   .   (helmet unavailable)
rElec    .         Reflect  .   (no cloak)
rCorr    .         Harm     .   (no gloves)
MR       .....                  (no boots)
Stlth    ++........             (no amulet)
HPRegen  0.17/turn              (no ring)
MPRegen  0.13/turn              (no ring)

@: no status effects
A: permanent stasis, dig shafts and tunnels, four strong arms, antennae 3
a: Dig, Shaft Self


You were on level 5 of the Dungeon.
You were very hungry.

You visited 1 branch of the dungeon, and saw 5 of its levels.
You also visited: Ossuary.

You collected 221 gold pieces.

Inventory:

Hand Weapons
 a - a +0 halberd (weapon)
 b - a +0 hunting sling
Missiles
 c - 16 bolts
 f - 5 curare-tipped darts (quivered)
 g - 49 stones
 k - 14 arrows
 p - 2 boomerangs
 r - 6 poisoned darts
 s - a throwing net
 t - 11 sling bullets
Armour
 w - a +0 robe (worn)
Scrolls
 d - 5 scrolls of remove curse
 e - 3 scrolls of blinking {unknown}
 i - 3 scrolls of enchant armour {unknown}
 j - a scroll of amnesia {unknown}
 l - a scroll of immolation {unknown}
 m - a scroll of random uselessness {unknown}
 z - 4 scrolls of identify
Potions
 h - a potion of cancellation {unknown}
 n - 2 potions of flight
 o - a potion of stabbing {unknown}
 u - a potion of heal wounds
 x - a potion of invisibility {unknown}
 A - a potion of curing {unknown}
 B - 2 potions of magic {unknown}
Comestibles
 v - 2 rations


   Skills:
 - Level 1.7 Dodging
 - Level 2.4 Stealth
 - Level 3.2 Spellcasting
 * Level 5.6 Conjurations
   Level 1.0 Summonings
   Level 0.8 Translocations
 * Level 3.4 Fire Magic
 * Level 2.8 Air Magic


You had 6 spell levels left.
You knew the following spells:

 Your Spells              Type           Power        Failure   Level  Hunger
a - Conjure Flame         Conj/Fire      ###.....     7%          3    ###....
c - Magic Dart            Conj           ###.         1%          1    None
e - Mephitic Cloud        Conj/Pois/Air  ##......     14%         3    ###....

Your spell library contained the following spells:

 Spells                   Type           Power        Failure   Level  Hunger
 Call Imp                 Summ           #.......     16%         2    ##.....
 Slow                     Hex            #.......     22%         2    ##.....
 Blink                    Tloc           Unusable     N/A         2    N/A

Dungeon Overview and Level Annotations

Branches:
Dungeon (5/15)            Ossuary (visited)
 Temple: D:4-7

Altars:
Ashenzari
Dithmenos
Ru
Wu Jian
Yredelemnul

Annotations:
D:3 2 transporters


Innate Abilities, Weirdness & Mutations

You cannot be hasted, slowed, berserked, paralysed or teleported.
You can dig through walls and to a lower floor.
Your four strong arms can wield two-handed weapons with a shield.
You have a pair of large antennae on your head. (SInv)


Message History

The sky beast completely misses you.
The ogre shouts!
You puncture the sky beast!
The sky beast is moderately wounded.
The sky beast hits you. The sky beast shocks you.
You closely miss the sky beast.
The sky beast is moderately wounded.
The sky beast hits you. The sky beast shocks you.
The ogre hits you with a +0 giant club. The sky beast hits you.
The sky beast shocks you. The ogre closely misses you.
You closely miss the sky beast.
The sky beast is moderately wounded.
The sky beast barely misses you.
The ogre hits you with a +0 giant club!!
Ouch! That really hurt!
You die...

#### ###... ## ####### #.#...#
...#.....##..#≈≈≈#
.............#≈≈≈#
.............#≈≈≈#
.............#≈≈≈#......
......O@Y....#≈.≈#..[...
##########...#≈≈≈#..!...
#.....#......#≈≈≈#......
##.##.##.#...#≈≈≈#......
#.##.##.##...#≈≈≈#......
#..#..#..#...#...#....>.
##.##.##.##.......÷......
######..#..#..#######..÷......
#....##.##.##.#### #..........


You could see a sky beast and an ogre.

Vanquished Creatures
  A wraith (Ossuary)
  An ice beast (D:5)
  An ogre (D:5)
  2 scorpions (D:5)
  A centaur zombie (D:5)
  An orc priest (D:5)
  3 mummies (Ossuary)
  A worker ant zombie (D:5)
  7 gnolls
  2 adders
  A dart slug (D:1)
  6 leopard geckos
  4 orcs
  3 bats
  4 giant cockroaches
  15 goblins
  12 hobgoblins
  12 kobolds
  3 quokkas
  A ball python (D:3)
  5 frilled lizards
  3 gnoll zombies
  4 goblin zombies (Ossuary)
  A hobgoblin zombie (Ossuary)
  2 kobold zombies (Ossuary)
  A leopard gecko zombie (D:5)
  An orc zombie (Ossuary)
  8 rats
106 creatures vanquished.

Notes
Turn   | Place    | Note
-------+----------+-------------------------------------------
     0 | D:1      | DildoBatman the Formicid Wizard began the quest for the
                  | Orb.
     0 | D:1      | Reached XP level 1. HP: 13/13 MP: 4/4
    53 | D:1      | Reached skill level 1 in Conjurations
   206 | D:1      | Reached XP level 2. HP: 14/19 MP: 0/6
   308 | D:1      | Reached skill level 2 in Conjurations
   457 | D:1      | Reached XP level 3. HP: 20/24 MP: 0/7
   462 | D:1      | Learned a level 3 spell: Conjure Flame
   466 | D:1      | Learned a level 3 spell: Mephitic Cloud
  1290 | D:2      | Reached skill level 3 in Conjurations
  1579 | D:2      | Reached XP level 4. HP: 30/30 MP: 2/8
  1930 | D:2      | Found a basalt altar of Yredelemnul.
  2105 | D:2      | Reached skill level 4 in Conjurations
  2105 | D:2      | Reached XP level 5. HP: 26/35 MP: 1/9
  2188 | D:3      | Found a sacrificial altar of Ru.
  2296 | D:3      | Found a shadowy altar of Dithmenos.
  2684 | D:3      | Found a shattered altar of Ashenzari.
  2747 | D:3      | Found a transporter.
  2748 | D:3      | Found an ornate altar of the Wu Jian Council.
  2751 | D:3      | Noticed a hippogriff
  2788 | D:3      | Noticed an orc warrior
  2801 | D:3      | Found a transporter.
  3080 | D:5      | Entered Level 5 of the Dungeon
  3097 | D:5      | Noticed an ogre
  3114 | D:5      | Killed an ogre
  3114 | D:5      | Reached skill level 1 in Fire Magic
  3114 | D:5      | Reached skill level 1 in Air Magic
  3114 | D:5      | Reached XP level 6. HP: 41/41 MP: 3/10
  3133 | D:5      | Found a sand-covered staircase.
  3142 | Ossuary  | Entered an ossuary
  3142 | Ossuary  | Noticed a wraith
  3142 | Ossuary  | Noticed a wraith
  3142 | Ossuary  | Noticed a wraith
  3441 | Ossuary  | Noticed a wraith
  3627 | Ossuary  | HP: 2/41 [wraith (6)]
  3723 | Ossuary  | Killed a wraith
  3723 | Ossuary  | Reached skill level 5 in Conjurations
  3723 | Ossuary  | Reached XP level 7. HP: 17/46 MP: 0/11
  4312 | D:5      | Reached XP level 8. HP: 49/52 MP: 3/12
  4357 | D:5      | Slain by an ogre

Levels and vault maps discovered:
D:1:      dpeg_arrival_renting, layout_basic
D:2:      layout_basic, lemuel_zombie_altar_yredelemnul, serial_bayou_pond_c
D:3:      layout_loops_ring, old_standard_altar,
          gammafunk_temple_overflow_arena,
          nicolae_dithmenos_through_a_glass_darkly, first_ration,
          minmay_liquid_box, ashenzari_altar_1
D:4:      layout_loops_ring, uniq_menkaure, uniq_edmund, uniq_pikel
D:5:      minmay_angry_zag, layout_rooms, kiku_gazebo_garden_becter,
          minmay_temple_entry_butterflies, enter_ossuary_3,
          portal_sewer_entry_f, nemelex_lonely_heart_becter

Skill      XL: |  1  2  3  4  5  6  7 |
---------------+----------------------+-----
Conjurations   | 1 2 3 4 5 |  5.6
Fire Magic     | 1 2 3 |  3.4
Air Magic      | 1 2 |  2.8
Dodging        | |  1.7
Stealth        | |  2.4
Spellcasting   | |  3.2
Summonings     | |  1.0
Translocations | |  0.8

Action                   |  1- 3 |  4- 6 |  7- 9 || total
-------------------------+-------+-------+-------++-------
Melee: Unarmed           |    10 |       |       ||    10
       Club              |    24 |    16 |       ||    40
       Trident           |       |    37 |       ||    37
       Spear             |       |     5 |       ||     5
       Halberd           |       |    56 |    80 ||   136
 Cast: Magic Dart        |    90 |   109 |    27 ||   226
       Mephitic Cloud    |       |     6 |     4 ||    10
       Conjure Flame     |       |    18 |     9 ||    27
 Abil: Dig               |     4 |     3 |       ||     7
  Use: Scroll            |       |     6 |     2 ||     8
       Potion            |       |     1 |     2 ||     3
 Stab: Confused          |       |     2 |       ||     2
       Sleeping          |       |     1 |       ||     1
  Eat: Chunk             |     2 |     8 |     1 ||    11
       Ration            |       |     1 |       ||     1
Armor: Robe              |     8 |     7 |     6 ||    21
Dodge: Dodged            |    28 |    55 |    43 ||   126

Table legend:
 A = Non-vault XP
 B = Vault XP
 C = Vault XP percentage of total XP
 D = Non-vault monster count
 E = Vault monster count
 F = Vault count percentage of total count
                 A         B        C        D         E       F
            +---------+---------+-------+---------+---------+-------
      Total |     428 |     587 |  57.8 |      81 |      24 |  22.9
            +---------+---------+-------+---------+---------+-------
        D:1 |      49 |       0 |   0.0 |      30 |       0 |   0.0
        D:2 |      89 |       3 |   3.3 |      21 |       2 |   8.7
        D:3 |      93 |       0 |   0.0 |      23 |       0 |   0.0
        D:4 |      14 |       0 |   0.0 |       1 |       0 |   0.0
        D:5 |     183 |     326 |  64.0 |       6 |      10 |  62.5
    Ossuary |       0 |     258 | 100.0 |       0 |      12 | 100.0
            +---------+---------+-------+---------+---------+-------
